 Dungeon Crawl Stone Soup version 0.21.1-1-g345015f (webtiles) character file.

96 inc the Cudgeler (level 4, -9/31 HPs)
             Began as an Octopode Chaos Knight on June 8, 2018.
             Killed by divine providence
             ... invoked by an orc priest
              (13 damage)
             ... on level 3 of the Dungeon.
             The game lasted 00:03:17 (2111 turns).

inc the Cudgeler (Octopode Chaos Knight)            Turns: 2111, Time: 00:03:19

Health: -9/31      AC:  5    Str: 11    XL:     4   Next: 67%
Magic:  4/4        EV: 19    Int: 17    God:    Xom [.*....]
Gold:   108        SH:  0    Dex: 16    Spells: 3/3 levels left

rFire    . . .     SeeInvis .   a - +0 mace (chaos)
rCold    . . .     Gourm    .   (no shield)
rNeg     . . .     Faith    .   (helmet restricted)
rPois    .         Spirit   .   (no amulet)
rElec    .         Reflect  .   (no ring)
rCorr    .         Harm     .   (no ring)
MR       .....                  (no ring)
Stlth    +++.......             (no ring)
HPRegen  0.10/turn              (no ring)
MPRegen  0.09/turn              (no ring)
                                (no ring)
                                (no ring)

@: agile, drained
A: almost no armour, stealthy swim, amphibious, 8 rings, constrict 8, beak, icy
blue scales 1, iridescent scales 1, camouflage 1, clever 1, gelatinous body 1
a: Renounce Religion


You were on level 3 of the Dungeon.
You worshipped Xom.
You were a plaything of Xom.
You were hungry.

You visited 1 branch of the dungeon, and saw 3 of its levels.

You collected 108 gold pieces.

Inventory:

Hand Weapons
 a - a +0 mace of chaos (weapon)
Scrolls
 d - a scroll of remove curse {unknown}
 e - a scroll of noise {unknown}
 f - a scroll of magic mapping {unknown}
 g - a scroll of fog
 k - a scroll of enchant armour {unknown}
 m - a scroll of teleportation
Potions
 i - a potion of resistance
 j - a potion of brilliance
 l - a potion of lignification {unknown}
Comestibles
 b - 5 rations


   Skills:
 - Level 3.0(2.7) Fighting
 + Level 5.3(5.0) Maces & Flails
 - Level 2.3(2.1) Dodging


You had 3 spell levels left.
You didn't know any spells.

Dungeon Overview and Level Annotations

Branches:
Dungeon (3/15)

Altars:
Hepliaklqana
Xom


Innate Abilities, Weirdness & Mutations

You cannot wear most types of armour.
You are very stealthy in the water. (Stealth+)
You are amphibious.
You can wear up to eight rings at the same time.
You can use your tentacles to constrict eight enemies at once.
Your skin changes colour to match your surroundings (Stealth+).
Your rubbery body absorbs attacks. (AC +1, EV +1)
You have a beak for a mouth.
You are partially covered in icy blue scales. (AC +2)
You are partially covered in iridescent scales. (AC +2)
Your mind is acute. (Int +2)


Message History

The orc priest is heavily wounded.
The orc priest hits you with a flail!
* * * LOW HITPOINT WARNING * * *
Unknown command.
You feel much better. The orc priest hits you with a flail!
* * * LOW HITPOINT WARNING * * *
You emit a cloud of colourful smoke!
It was a potion of agility.
You feel agile all of a sudden.
Xom thinks this is hilarious!
The orc wizard casts a spell at you. You resist with some effort.
A bat comes into view.
You closely miss the orc priest. You grab the orc priest.
The orc priest is heavily wounded.
You constrict the orc priest.
The orc priest invokes the aid of Beogh against you.
Beogh smites you!
You die...
Xom chortles!

#...........)..####
#.................#
....# +
##......#####'###.#
o...# .. ##.###.# .#
# #...# ...
#.#.#'#####.# #
#.o.# ....
#...........# #...#
.....######.........
. +...+
......oo§§........#
### #?..#
.....bo@§..†......#
... #.<.#
.....######.†.....#
###. ##+## ...
##........ ... .
#.##########. #.#
#.[. #.# #.#. #.# #.
#.. ##


You could see an orc priest, an orc wizard, an orc and a bat.

Vanquished Creatures
  4 adders (D:2)
  An ooze (D:3)
  A worm (D:3)
  A dart slug (D:1)
  A leopard gecko (D:1)
  2 orcs
  A ball python (D:1)
  7 bats
  4 goblins
  8 hobgoblins
  2 jackals (D:2)
  A quokka (D:2)
  7 frilled lizards
  7 kobolds
  4 rats
51 creatures vanquished.

Notes
Turn   | Place    | Note
-------+----------+-------------------------------------------
     0 | D:1      | inc the Octopode Chaos Knight began the quest for the Orb.
     0 | D:1      | Reached XP level 1. HP: 16/16 MP: 1/1
   255 | D:1      | Reached XP level 2. HP: 21/21 MP: 2/2
   452 | D:1      | XOM: give mutations
   452 | D:1      | Gained mutation: You are partially covered in iridescent scales. (AC +2) [Xom's grace]
   452 | D:1      | Gained mutation: Your mind is acute. (Int +2) [Xom's grace]
   452 | D:1      | Gained mutation: You are partially covered in icy blue scales. (AC +2) [Xom's grace]
   452 | D:1      | Gained mutation: You have a beak for a mouth. [Xom's grace]
   820 | D:1      | XOM: cloud trail
   867 | D:1      | XOM: scenery: create altars
  1071 | D:2      | Reached skill level 4 in Maces & Flails
  1071 | D:2      | Reached XP level 3. HP: 26/26 MP: 3/3
  1075 | D:2      | XOM: snakes to sticks
  1283 | D:2      | Reached XP level 4. HP: 31/31 MP: 4/4
  1368 | D:2      | Reached skill level 5 in Maces & Flails
  1369 | D:2      | XOM: 1-stop teleportation journey
  1428 | D:2      | XOM: cloud trail
  1620 | D:2      | XOM: god gift: 15 stones
  1709 | D:2      | XOM: harmless Tloc miscast
  1711 | D:2      | XOM: mild Air miscast
  1889 | D:3      | XOM: harmless Chrm miscast
  1942 | D:3      | Found a shimmering altar of Xom.
  1943 | D:3      | Found a hazy altar of Hepliaklqana.
  1943 | D:3      | Noticed a tentacled monstrosity
  1944 | D:3      | Noticed a tentacled monstrosity
  1944 | D:3      | Noticed a spectral ugly thing
  2103 | D:3      | XOM: enchant monster (bad)
  2109 | D:3      | XOM: smoke on damage
  2111 | D:3      | Killed from afar by an orc priest

Skill      XL: |  1  2  3  4 |
---------------+-------------+-----
Maces & Flails | 4 5 |  5.3
Fighting       | |  3.0
Dodging        | |  2.3

Action                   |  1- 3 |  4- 6 || total
-------------------------+-------+-------++-------
Melee: Mace              |    45 |    48 ||    93
       Tentacles         |     8 |     4 ||    12
       Constrict         |    15 |    13 ||    28
       Peck              |     4 |     3 ||     7
  Use: Scroll            |       |     5 ||     5
       Potion            |       |     2 ||     2
 Stab: Sleeping          |     9 |     5 ||    14
  Eat: Chunk             |     1 |     2 ||     3
Armor: Skin              |     8 |    12 ||    20
Dodge: Dodged            |    28 |    27 ||    55
